Map: Orbital Shipyard

Players

Buria

  • Race: Protoss Protoss
  • League: Grandmaster

wabbajack - Winner!

  • Race: Zerg Zerg
  • League: Gold

VOD

Have the link to the VOD?

Description

Time

  • Played on: July 20, 2015, 9:01 a.m.
  • Length: 6:04
Show
View Real Time Build Order
Export as new Build Order

Buria Protoss 

Build Orders:  

Get SALT Encoding   

  12  0:01  Probe  
  13  0:15  Pylon  
  13  0:21  Probe  
  14  0:33  Probe (Chrono Boost)  
  16  0:43  Probe (Chrono Boost)  
  16  0:45  Gateway  
  16  0:48  Assimilator  
  16  0:50  Probe  
  17  1:02  Probe (Chrono Boost)  
  19  1:13  Probe (Chrono Boost)  
  19  1:19  Probe (Chrono Boost)  
  20  1:30  Pylon  
  20  1:31  Probe  
  21  1:33  Cybernetics Core  
  21  1:48  Zealot  
  23  2:04  Pylon  
  23  2:05  Nexus  
  23  2:09  Probe (Chrono Boost)  
  24  2:16  Warp Gate  
  24  2:19  Mothership Core (Chrono Boost)  
  26  2:28  Assimilator  
  26  2:33  Stalker (Chrono Boost)  
  28  2:48  Probe  
  29  3:00  Gateway, Forge  
  28  3:17  Stalker (Chrono Boost)  
  28  3:29  Gateway  
  28  3:34  Pylon  
  28  3:36  Probe (Chrono Boost)  
  30  3:41  Probe (Chrono Boost)  
  30  3:43  Photon Cannon  
  30  3:45  Probe (Chrono Boost)  
  30  3:46  Sentry  
  34  3:49  Probe (Chrono Boost)  
  34  3:57  Gateway  
  34  4:01  Probe (Chrono Boost)  
  34  4:02  Probe (Chrono Boost)  
  36  4:10  Assimilator  
  36  4:13  Probe x2 (Chrono Boost)  
  30  4:40  Sentry, Zealot  
  24  4:47  Probe x2  
  19  4:59  Probe  
  17  5:13  Probe (Chrono Boost)  
  17  5:14  Probe (Chrono Boost)  
  19  5:26  Probe x2 (Chrono Boost)  
  21  5:35  Probe x2 (Chrono Boost)  
  23  5:41  Nexus  
  23  5:43  Probe  
  23  5:48  Probe  
Show
View Real Time Build Order
Export as new Build Order

wabbajack Zerg - Winner!

Build Orders: Hatch First 

Get SALT Encoding   

  12  0:01  Drone  
  13  0:13  Overlord  
  13  0:17  Drone  
  14  0:22  Extractor  
  14  0:23  Drone  
  15  0:32  Drone  
  16  0:37  Drone  
  17  0:53  Hatchery  
  17  0:56  Extractor  
  15  0:58  Drone  
  15  1:01  Drone  
  17  1:17  Spawning Pool  
  16  1:21  Drone  
  16  1:22  Extractor  
  16  1:24  Drone  
  17  1:29  Drone  
  18  1:41  Drone  
  19  1:51  Drone  
  20  2:00  Overlord  
  20  2:05  Queen  
  20  2:08  Queen  
  22  2:14  Zergling x2  
  25  2:23  Metabolic Boost  
  25  2:40  Overlord  
  25  2:42  Baneling Nest  
  25  2:44  Pneumatized Carapace  
  24  2:54  Zergling x4  
  24  2:58  Zergling x6  
  28  3:00  Zergling x2  
  30  3:12  Zergling x4  
  32  3:30  Zergling x10  
  37  3:39  Overlord  
  37  3:56  Baneling x4  
  25  5:19  Hatchery  
  25  5:20  Drone x15  
  25  5:21  Drone x5  
  44  5:32  Overlord  
Tags
 
Add a new tag
Caveats
  • Supply blocks, unpowered buildings, or Contaminate may cause inaccurate times.
  • Supply counts are checked every 10 seconds.